Map: Cyber Forest LE

Players

Enterprise - Winner!

  • Race: Zerg Zerg
  • League: Master
  • Spawn Location: 11:00

DOJ

  • Race: Terran Terran
  • League: Diamond
  • Spawn Location: 5:00

VOD

Have the link to the VOD?

Description

Time

  • Played on: April 20, 2019, 2:34 p.m.
  • Length: 11:04
Show
View Real Time Build Order
Export as new Build Order

Enterprise Zerg - Winner!

Build Orders: Pool First, Muta Ling Bane 

Get SALT Encoding   

  12  0:00  Drone  
  13  0:13  Overlord  
  13  0:17  Drone  
  14  0:31  Drone x2  
  14  0:35  Drone  
  17  0:47  Spawning Pool  
  17  0:48  Drone  
  17  0:56  Drone  
  18  1:09  Drone  
  19  1:17  Hatchery  
  18  1:21  Extractor, Drone  
  18  1:34  Queen, Zergling x2  
  21  1:50  Drone  
  21  1:53  Overlord  
  22  1:57  Roach Warren  
  21  2:05  Drone  
  22  2:41  Roach x5  
  31  2:49  Overlord  
  31  2:51  Roach  
  33  2:58  Queen  
  33  3:01  Overlord  
  35  3:09  Ravager  
  36  3:14  Drone x4  
  36  3:15  Drone  
  41  3:23  Drone x2  
  41  3:24  Drone x2  
  45  3:33  Drone x2  
  47  3:38  Ravager  
  48  4:06  Ravager  
  48  4:07  Drone x3  
  48  4:08  Overlord x2  
  52  4:14  Hatchery  
  51  4:25  Queen  
  53  4:38  Queen  
  53  4:39  Overlord  
  53  4:40  Drone  
  53  4:41  Drone x7  
  53  4:43  Metabolic Boost, Extractor  
  53  4:44  Extractor  
  61  4:55  Evolution Chamber  
  60  5:03  Queen  
  60  5:04  Spore Crawler  
  60  5:07  Spore Crawler  
  60  5:12  Drone  
  61  5:14  Lair  
  61  5:22  Extractor  
  61  5:25  Baneling Nest  
  59  5:31  Spore Crawler, Queen  
  60  5:41  Drone x7  
  67  5:42  Overlord  
  67  6:00  Drone x4  
  67  6:02  Drone  
  67  6:03  Drone x5  
  67  6:04  Overlord  
  77  6:05  Zergling x2  
  78  6:18  Overlord  
  78  6:19  Centrifical Hooks  
  78  6:20  Zerg Ground Armor Level 1  
  78  6:22  Zergling x6  
  81  6:26  Overseer  
  81  6:33  Drone  
  81  6:34  Spire  
  81  6:35  Drone  
  81  6:36  Drone  
  83  6:46  Overlord  
  84  6:54  Drone x7  
  84  6:55  Drone x3  
  84  6:58  Extractor  
  84  7:00  Extractor  
  91  7:01  Zergling x2  
  91  7:02  Zergling x4  
  91  7:03  Drone x2  
  96  7:14  Overlord  
  96  7:16  Drone  
  96  7:17  Drone  
  99  7:30  Zergling x8  
  99  7:32  Baneling x6  
  102  7:38  Pneumatized Carapace  
  102  7:46  Overlord  
  102  7:55  Zergling x14  
  102  7:56  Overlord x2, Zergling x2  
  102  7:57  Zergling x8  
  102  7:58  Baneling x5  
  114  7:59  Baneling x3  
  114  8:03  Mutalisk x4  
  114  8:04  Mutalisk  
  121  8:14  Baneling  
  121  8:15  Ravager x3, Baneling x2  
  121  8:16  Zergling x2  
  121  8:17  Zergling x4  
  127  8:26  Drone  
  127  8:27  Drone  
  129  8:31  Mutalisk x2  
  129  8:32  Mutalisk  
  135  8:35  Hatchery  
  135  8:40  Overlord x2  
  134  8:43  Mutalisk x2  
  134  8:44  Baneling x2  
  134  8:45  Baneling  
  134  8:46  Overlord x2  
  134  8:47  Zergling x6  
  141  8:51  Evolution Chamber  
  131  9:08  Overlord  
  129  9:15  Zergling x2  
  129  9:16  Baneling, Zergling x4  
  132  9:17  Baneling x6  
  132  9:18  Baneling x9  
  132  9:19  Zergling x14  
  132  9:24  Overseer  
  139  9:25  Queen  
  139  9:28  Zergling x2  
  139  9:31  Zergling x16  
  141  9:42  Zergling x6  
  122  9:53  Zergling x6  
  121  10:04  Zergling x4  
  121  10:05  Zergling x14  
  128  10:17  Infestation Pit  
  127  10:22  Zergling x12  
  127  10:23  Baneling x12  
  127  10:24  Baneling x5  
  133  10:35  Drone x4  
  134  10:36  Drone  
Show
View Real Time Build Order
Export as new Build Order

DOJ Terran 

Build Orders: Reaper Expand 

Get SALT Encoding   

  12  0:00  SCV  
  13  0:12  SCV  
  14  0:17  Supply Depot  
  14  0:24  SCV  
  15  0:38  SCV  
  15  0:40  Barracks  
  16  0:47  Refinery  
  16  0:50  SCV  
  17  1:03  SCV  
  18  1:15  SCV  
  19  1:28  Orbital Command  
  19  1:31  Reaper  
  20  1:40  Command Center  
  20  1:49  Supply Depot  
  20  1:54  SCV  
  21  2:03  Marine  
  21  2:07  SCV  
  23  2:11  Factory  
  23  2:19  SCV  
  23  2:20  Refinery  
  24  2:47  SCV  
  25  2:54  Barracks Reactor  
  25  2:56  Factory Tech Lab  
  26  2:59  Orbital Command  
  25  3:06  Starport  
  25  3:11  Bunker  
  24  3:14  Bunker  
  24  3:20  Orbital Command  
  24  3:24  Siege Tank  
  27  3:31  Marine x2  
  29  3:49  Marine x2  
  29  4:03  SCV  
  29  4:04  SCV  
  31  4:10  Marine  
  31  4:11  Banshee  
  31  4:15  Supply Depot  
  35  4:20  SCV  
  35  4:21  Factory Tech Lab  
  35  4:22  Barracks  
  35  4:23  Barracks  
  36  4:38  Marine  
  36  4:39  Marine  
  36  4:40  Siege Tank  
  36  4:41  SCV  
  36  4:44  Supply Depot  
  36  4:45  Supply Depot  
  42  4:48  SCV  
  43  4:53  SCV  
  43  4:54  Banshee  
  47  5:03  Orbital Command  
  47  5:19  SCV  
  48  5:21  Siege Tank  
  48  5:22  Marine x2  
  48  5:24  Barracks Tech Lab  
  48  5:25  Barracks Tech Lab  
  53  5:35  SCV x2  
  55  5:45  Marauder x2, Barracks, Marine x2  
  55  5:47  SCV x2  
  63  5:54  Starport Reactor  
  63  5:56  Refinery  
  63  5:57  Refinery  
  63  5:58  Stimpack  
  63  5:59  SCV x2  
  63  6:11  SCV x2, Command Center  
  63  6:16  Combat Shield  
  64  6:23  SCV x2  
  66  6:31  Medivac  
  68  6:35  SCV x2  
  70  6:54  Engineering Bay  
  70  6:55  Engineering Bay  
  70  7:02  Supply Depot  
  70  7:04  Concussive Shells  
  70  7:14  Supply Depot  
  70  7:15  SCV, Marine x3, Medivac, Supply Depot  
  70  7:16  Marauder, Supply Depot  
  78  7:23  SCV  
  78  7:26  Marauder  
  78  7:28  SCV, Medivac  
  84  7:33  Marine x2  
  84  7:34  Marauder  
  84  7:35  SCV  
  84  7:36  Marine  
  89  7:40  SCV  
  91  7:45  Medivac  
  91  7:47  SCV, Marine  
  95  7:52  SCV  
  96  7:59  SCV  
  96  8:02  Marine x2  
  96  8:03  Marauder x2  
  96  8:04  SCV, Medivac, Siege Tank, Marine  
  110  8:11  SCV  
  108  8:18  SCV  
  108  8:20  Marine x2  
  108  8:21  Orbital Command  
  108  8:23  Marauder, SCV  
  113  8:29  Terran Infantry Weapons Level 1  
  113  8:30  SCV  
  113  8:31  Terran Infantry Armor Level 1  
  113  8:33  Marine  
  113  8:34  Marine  
  116  8:35  SCV  
  117  8:43  Marine  
  117  8:44  Marauder  
  116  9:01  Marine x2  
  116  9:02  Marauder x2  
  121  9:04  SCV x2  
  121  9:05  Marine  
  121  9:06  Missile Turret  
  121  9:07  Missile Turret x2  
  121  9:08  Missile Turret  
  116  9:12  Missile Turret  
  116  9:16  Missile Turret  
  116  9:19  Marine  
  105  9:44  Marauder, Marine x2  
  105  9:45  Marauder x2  
  78  10:02  Marine x2  
  78  10:03  Siege Tank  
  78  10:04  Medivac x2  
  78  10:06  Marauder x3  
  75  10:20  Marine x2  
  75  10:21  SCV x2  
  71  10:27  Marauder x2  
  71  10:28  Marauder  
  77  10:33  SCV x2  
  79  10:37  Marine  
  79  10:38  Marine  
Tags
 
Add a new tag
Caveats
  • Supply blocks, unpowered buildings, or Contaminate may cause inaccurate times.
  • Supply counts are checked every 10 seconds.